[Event "Early-Titled-Tuesday-Blitz-March-26-2024"]
[Site "Chess.com"]
[Date "2024.03.26"]
[Round "5"]
[White "ChainedDowntohell"]
[Black "KnightmareJoker"]
[Result "1-0"]
[WhiteElo "2506"]
[BlackElo "2297"]
[TimeControl "180+1"]
[EndTime "8:55:32 PDT"]
[Termination "ChainedDowntohell won by resignation"]

1. g3 d5 2. Nf3 Nf6 3. Bg2 e6 4. O-O Be7 5. c4 O-O 6. b3 c5 7. cxd5 exd5 8. d4 cxd4 9. Nxd4 Nc6 10. Bb2 Be6 11. Nc3 Bc5 12. Na4 Be7 13. Nxc6 bxc6 14. Qc2 Rc8 15. Nc5 Bxc5 16. Qxc5 Qb6 17. Rac1 Qxc5 18.
Rxc5 Nd7 19. Ra5 Rc7 20. Rc1 c5 21. e4 dxe4 22. Bxe4 Rfc8 23. Bd3 f6 24. Ra6 Bf7 25. Bf5 Rd8 26. Rd1 Bg6 27. Be6+ Bf7 28. Bf5 Bg6 29. Bg4 f5 30. Bf3 Kf8 31. Rad6 Ke7 32. Bc6 Be8 33.
Ba4 g6 34. Ba3 Bf7 35. Rxd7+ Rcxd7 36. Bxc5+ Ke6 37. Rxd7 Rxd7 38. Bxd7+ Kxd7 39. Bxa7 Kc6 40. Bd4 Kd5 41. Bb2 Ke4 42. Kg2 Kd3 43. Bf6 Kc2 44. h4 Kb1 45. a4 Bxb3 46. a5 Kc2 47. Kf3 Kd3 48. a6 Bd5+ 49. Kf4 Kc4 50. a7 Kb5 51. Be7 Ka6 52. Bc5 h6 53. Be3 Be4 54. Ke5 h5 55. Kf6 Kb7 56. Bd4 Ka8 57. Kxg6 f4+ 58. Kxh5 Bf3+ 59.
Kg5 fxg3 60. fxg3 Be2 61. h5 Bd3 62. h6 Be4 63. Kf6 Bh7 64. Kg7 Bf5 65. h7 Bxh7 66. Kxh7 Kb7 67. g4 Ka8 68. g5 Kb7 69. g6 Ka8 70. g7 Kb7 71. Kg6 Ka6 72. a8=Q+ Kb5 73. Qd5+ Kb4 74. Qc5+ Kb3 75. Qc3+ Ka4 76. Qb2 Ka5 77. Bc5 1-0

[Event "Early-Titled-Tuesday-Blitz-March-26-2024"]
[Site "Chess.com"]
[Date "2024.03.26"]
[Round "5"]
[White "Hikaru"]
[Black "jakopogi"]
[Result "1-0"]
[WhiteElo "3268"]
[BlackElo "2809"]
[TimeControl "180+1"]
[EndTime "8:55:34 PDT"]
[Termination "Hikaru won by checkmate"]

1. Nf3 Nf6 2. b3 b6 3. Bb2 Bb7 4. g3 g6 5. d3 Bxf3 6. exf3 Bg7 7. f4 O-O 8. Bg2 d5 9. O-O e6 10. Nd2 c5 11. Nf3 Nc6 12. Ne5 Qc7 13. Qe2 Nd7 14. Rfe1 Nd4 15. Bxd4 cxd4 16. Nf3 Rac8 17. Rec1 Qd6 18.
Nd2 Rc7 19. a3 Rfc8 20. Ra2 Rc3 21. Qd1 Nb8 22. Rb1 Na6 23. b4 Nc7 24. Nf3 Nb5 25. a4 Nc7 26. b5 Qc5 27. h4 h5 28. Bh3 Ne8 29. Rbb2 Ra3 30. Qa1 Rxa2 31. Rxa2 Nd6 32. Ng5 Qc3 33. Nxe6 fxe6 34. Bxe6+ Kf8 35. Bxc8 Qxa1+ 36. Rxa1 Nxc8 37. a5 Ke7 38. axb6 axb6 39. Ra8 Kd7 40. f3 Bf6 41. Kg2 Bd8 42. Ra4 Bf6 43.
g4 hxg4 44. fxg4 Bxh4 45. Rxd4 Ke6 46. Ra4 Nd6 47. c4 dxc4 48. dxc4 Be7 49. Kf3 Nb7 50. Ra6 Bc5 51. Ke4 Nd6+ 52. Kd3 Ne8 53. Ra1 Nf6 54. Re1+ Kf7 55. g5 Ne8 56. Ke4 Nc7 57. f5 Be7 58. f6 Bc5 59. Kf3 Ne8 60. Kf4 Nd6 61. Re7+ Kf8 62.
Rg7 Nxc4 63. Rxg6 Nd6 64. Rh6 Ne8 65. Kf5 Nd6+ 66. Ke6 Nf7 67. Rh5 Nd8+ 68. Kf5 Kg8 69. g6 Bd4 70. Rh7 Kf8 71. Rh8# 1-0

[Event "Early-Titled-Tuesday-Blitz-March-26-2024"]
[Site "Chess.com"]
[Date "2024.03.26"]
[Round "5"]
[White "DinaBelenkaya"]
[Black "profedechess93"]
[Result "0-1"]
[WhiteElo "2479"]
[BlackElo "2653"]
[TimeControl "180+1"]
[EndTime "8:55:36 PDT"]
[Termination "profedechess93 won on time"]

1. Nf3 d5 2. g3 Nf6 3. Bg2 c6 4. d3 g6 5. Nbd2 Bg7 6. O-O O-O 7. e4 a5 8. e5 Ne8 9. Qe2 c5 10. c3 Nc6 11. d4 cxd4 12. cxd4 Qb6 13. Nb3 a4 14.
Nc5 Nxd4 15. Nxd4 Qxc5 16. Be3 Qa5 17. Bd2 Qd8 18. Bb4 Nc7 19. f4 Ne6 20. Qf2 Re8 21.
Rfd1 Nxd4 22. Qxd4 e6 23. Rac1 Bd7 24. Bd6 Bc6 25. a3 Qxd6 26. exd6 Bxd4+ 27. Rxd4 Red8 28. Bf3 Rxd6 29. Bd1 Ra6 30. Rb4 f6 31. Kf2 e5 32.
fxe5 fxe5 33. Be2 Rf6+ 34. Ke1 Ra5 35. Rb6 Kg7 36. Rc2 d4 37. Rc4 h5 38. h4 Rd5 39.
Bd1 e4 40. Bxa4 Rdf5 41. Rxd4 Rf1+ 42. Ke2 R6f2+ 43. Ke3 Rf3+ 44. Kd2 R1f2+ 45. Kc1 Rf1+ 46. Bd1 e3 47. Kc2 R3f2+ 48. Kc3 e2 49. Bxe2 Rxe2 50. Rbb4 Rf3+ 51. Kc4 Rxg3 52. Kc5 Rc2+ 53. Kb6 Rgg2 54. b3 Rg3 55. a4 Rcc3 56. a5 Rxb3 57. a6 Rxb4+ 58.
Rxb4 bxa6 59. Kxc6 Rg4 60. Rb7+ Kh6 61. Ra7 Rxh4 62.
Kd5 Ra4 63. Ke5 Kg5 64. Ra8 h4 65. Rh8 Kg4 66. Rg8 g5 67. Rh8 h3 68. Rb8 h2 69. Rb1 Kh3 70. Rb3+ Kh4 71. Rb1 g4 72. Kf5 g3 73. Rb8 Kh3 74. Rh8+ Kg2 0-1

[Event "Early-Titled-Tuesday-Blitz-March-26-2024"]
[Site "Chess.com"]
[Date "2024.03.26"]
[Round "5"]
[White "Gorbaev"]
[Black "Knightmare1014"]
[Result "1-0"]
[WhiteElo "2495"]
[BlackElo "2311"]
[TimeControl "180+1"]
[EndTime "8:55:36 PDT"]
[Termination "Gorbaev won by checkmate"]

1. Nf3 d5 2. c4 d4 3. g3 c5 4. Bg2 Nf6 5. d3 Nc6 6. O-O e5 7. Bg5 Be7 8. Na3 O-O 9. Nc2 a5 10. Na3 h6 11. Bxf6 Bxf6 12. Nb5 Be7 13. Nd2 f5 14. a3 Be6 15. Qc2 Rc8 16. e3 Bg5 17.
Rae1 Kh8 18. exd4 cxd4 19. f4 Bf6 20. fxe5 Nxe5 21. Nf3 Nxf3+ 22. Bxf3 Bd7 23. Nd6 Rc7 24. Nxb7 Qb8 25. Nxa5 Bg5 26. b4 Be3+ 27. Kh1 f4 28. Qg2 Qc8 29. g4 Rf6 30. c5 Rg6 31. Rg1 Bxg1 32.
Rxg1 h5 33. Qh3 Qd8 34. Nc4 Qg5 35. Qxh5+ Qxh5 36. gxh5 Rxg1+ 37. Kxg1 Bb5 38. Ne5 Ra7 39. c6 Rxa3 40. c7 Rc3 41. Nc6 Ba6 42. b5 Bb7 43. b6 Rc1+ 44. Kf2 Bc8 45. Ne7 Ba6 46. b7 Bxb7 47.
Bd5 Rxc7 48. Ng6+ Kh7 49. Bxb7 Rxb7 50. Nxf4 Rf7 51. Kf3 Kh6 52. Kg4 Ra7 53. h4 Ra1 54.
Kf5 Rf1 55. Ke4 Rh1 56. Kxd4 Rxh4 57. Ke5 Rg4 58. d4 Kg5 59. Ne6+ Kxh5 60. d5 Rg1 61. d6 g5 62. d7 Re1+ 63. Kd5 Rd1+ 64. Nd4 g4 65. d8=Q g3 66. Qg8 g2 67. Qxg2 Rxd4+ 68. Kxd4 Kh6 69. Ke5 Kh7 70. Kf6 Kh8 71. Qg7# 1-0

[Event "Early-Titled-Tuesday-Blitz-March-26-2024"]
[Site "Chess.com"]
[Date "2024.03.26"]
[Round "5"]
[White "Agibileg"]
[Black "Durarbayli"]
[Result "0-1"]
[WhiteElo "2760"]
[BlackElo "2932"]
[TimeControl "180+1"]
[EndTime "8:55:38 PDT"]
[Termination "Durarbayli won on time"]

1. d4 Nf6 2. c4 e6 3. Nc3 Bb4 4. e3 O-O 5. Bd3 c5 6. Ne2 d5 7. cxd5 cxd4 8. exd4 Nxd5 9. O-O Nc6 10. Nxd5 exd5 11. a3 Be7 12. Re1 Bf6 13. Bf4 Bg4 14.
f3 Bh5 15. Kh1 Re8 16. Qd2 Qb6 17. Be3 Bg6 18. Bxg6 hxg6 19. Rad1 Na5 20. Nc3 Nc4 21.
Nxd5 Qe6 22. Nxf6+ gxf6 23. d5 Qe5 24. Bf4 Nxd2 25.
Bxe5 Nxf3 26. gxf3 fxe5 27. d6 Rad8 28. Rd5 f6 29.
Rc1 Rd7 30. Rc7 Red8 31. Rdc5 Kf7 32. Ra5 a6 33. Ra4 Ke6 34. Rb4 b5 35. a4 bxa4 36.
Rxa4 Rb8 37. Rxd7 Kxd7 38. Rxa6 Rxb2 39. Kg1 Rd2 40. h3 Rxd6 41. Ra7+ Ke6 42. Kg2 f5 43. Kg3 f4+ 44. Kg4 Kf6 45. Rb7 Rd2 46. Rb6+ Kg7 47. Re6 Rg2+ 48. Kh4 Rg3 49. Rxe5 Kh6 50. Rh5+ Kg7 51.
Ra5 Kh6 52. Rh5+ Kg7 53. Ra5 Kf6 54. Ra6+ Ke5 55. Ra3 Kd4 56. Rb3 Kc4 57. Ra3 Kd4 58. Rb3 Rg2 59. Ra3 g5+ 60. Kh5 Rg3 61. Rb3 Kc4 62. Ra3 Kd4 63. Rb3 Ke5 0-1

[Event "Early-Titled-Tuesday-Blitz-March-26-2024"]
[Site "Chess.com"]
[Date "2024.03.26"]
[Round "5"]
[White "DeTimmerman"]
[Black "AryanTari"]
[Result "0-1"]
[WhiteElo "2746"]
[BlackElo "3004"]
[TimeControl "180+1"]
[EndTime "8:55:47 PDT"]
[Termination "AryanTari won by resignation"]

1. b4 e5 2. Bb2 Bxb4 3. Bxe5 Nf6 4. Nc3 O-O 5. Bxf6 Qxf6 6. Nd5 Qd6 7.
c4 Ba5 8. e3 Re8 9. Be2 c6 10.
Nf4 Qh6 11. Nf3 Bc7 12. Nd3 d6 13. O-O Nd7 14. Nde1 Nf6 15. d4 d5 16. cxd5 Nxd5 17.
Qb3 Rb8 18. g3 Be6 19. Qc2 Nf6 20. Ng2 Bd5 21. Nd2 Qh3 22. Bf3 Bxf3 23. Nxf3 Ne4 24. Nd2 Nxd2 25. Qxd2 h5 26. f4 Qe6 27. Rab1 Qd5 28.
Rb2 Re4 29. Rfb1 Bb6 30. Kf1 Rbe8 31. Rb3 c5 32. Rb5 Qc4+ 33. Qe2 Rxd4 34. Qxc4 Rxc4 35.
R5b2 Rc3 36. Rb3 Rc2 37. R3b2 Rxb2 38. Rxb2 c4 39. Rc2 Rc8 40. Ke2 f5 41. Ne1 Re8 42.
Rxc4 Rxe3+ 43. Kf1 Ra3 44. Rc2 h4 45. Kg2 hxg3 46.
hxg3 Kf7 47. Nf3 Ke6 48. Rd2 Be3 49. Ng5+ Ke7 50. Rb2 b6 51. Rc2 Kd6 52. Nf3 Kd5 53. Ne5 Bc5 54. Rd2+ Ke4 55. Re2+ Re3 56. Rd2 g5 57.
Ng6 g4 58. Nh4 Ra3 59. Re2+ Be3 60. Rb2 a5 61. Rb5 Rxa2+ 62. Kh1 Ra1+ 63. Kh2 Ra2+ 64. Kh1 a4 65. Re5+ Kd3 66. Nxf5 Bf2 67. Rd5+ Ke4 68.
Re5+ Kf3 69. Rb5 Ra1+ 70. Kh2 Bg1+ 71. Kh1 Bf2+ 72. Kh2 Ra2 73. Kh1 Bxg3 74. Rxb6 Ra1+ 0-1

[Event "Early-Titled-Tuesday-Blitz-March-26-2024"]
[Site "Chess.com"]
[Date "2024.03.26"]
[Round "5"]
[White "ATM622"]
[Black "N_I_Chess"]
[Result "1-0"]
[WhiteElo "2496"]
[BlackElo "2319"]
[TimeControl "180+1"]
[EndTime "8:55:47 PDT"]
[Termination "ATM622 won by resignation"]

1. d4 Nf6 2. c4 e6 3. g3 d5 4.
Bg2 dxc4 5. Nf3 Nc6 6. Qa4 Bb4+ 7. Bd2 Bd6 8. Qxc4 O-O 9. O-O e5 10. dxe5 Nxe5 11. Nxe5 Bxe5 12. Bc3 Qe7 13. Bxe5 Qxe5 14. Nc3 c6 15. Rad1 Be6 16. Qd4 Qa5 17. b4 Qb6 18. b5 cxb5 19. Qxb6 axb6 20. Nxb5 Rxa2 21. Rfe1 Bc4 22. Nd6 Bxe2 23. Rb1 Ba6 24. Rxb6 h6 25. Bxb7 Nd7 26. Rxa6 Rd2 27. Ne4 Rd4 28. Rd6 Rxd6 29. Nxd6 Nc5 30. Bd5 Rd8 31. Re8+ Rxe8 32. Nxe8 Kf8 33.
Nd6 f6 34. f4 Ke7 35. Nf5+ Kf8 36. Kf1 g6 37. Nxh6 Na4 38. Kf2 Nb6 39. Bb3 Nd7 40. f5 g5 41. Ke3 Ne5 42. Bd1 Kg7 43. Ng4 Nf7 44. Kd4 Nd6 45. Ne3 Nf7 46. Kd5 Ne5 47.
Be2 Nd7 48. Kd6 Ne5 49. Ke6 Nc6 50. Bd1 Nd4+ 51. Kd7 Kf7 52. Kd6 Nb5+ 53. Kc5 Nc3 54. Bb3+ Kg7 55. Bc4 Ne4+ 56. Kd5 Nd2 57. Be2 Nb3 58.
h4 gxh4 59. gxh4 Na5 60. Bc4 Nb7 61. Ng4 Nd8 62. h5 Nf7 63. Ke6 Ng5+ 64. Ke7 Ne4 65. Bf7 Ng3 66. h6+ Kh7 67. Bg6+ Kh8 68. Kxf6 Ne4+ 69.
Ke7 Ng5 70. Ne5 Kg8 71. Nf7 Nxf7 72. Bxf7+ Kh7 73. Be6 Kxh6 74. f6 Kg5 75. f7 Kf4 76.
f8=Q+ Ke5 77. Qf5+ Kd4 78. Qd5+ 1-0

[Event "Early-Titled-Tuesday-Blitz-March-26-2024"]
[Site "Chess.com"]
[Date "2024.03.26"]
[Round "5"]
[White "Philippians46"]
[Black "monomita"]
[Result "0-1"]
[WhiteElo "2997"]
[BlackElo "2765"]
[TimeControl "180+1"]
[EndTime "8:55:48 PDT"]
[Termination "monomita won by resignation"]

1. d4 Nf6 2. c4 e6 3. g3 d5 4. Bg2 dxc4 5. Nf3 a6 6. Ne5 c5 7. Be3 cxd4 8. Bxd4 Bb4+ 9. Nc3 O-O 10. O-O Qc7 11.
Rc1 Nbd7 12. Nxd7 Bxd7 13. Bxf6 gxf6 14. Ne4 Be7 15. b3 f5 16. Rxc4 Bc6 17. Nd2 Rad8 18. Bxc6 bxc6 19. Qc2 c5 20. b4 Qd7 21. Nf3 cxb4 22.
e4 Qd3 23. Qxd3 Rxd3 24. Ne5 Rc3 25. exf5 Rxc4 26. Nxc4 Rc8 27. Ne3 Rc3 28. Rd1 Kf8 29. Rd7 Ra3 30. Rd2 Bg5 31. fxe6 fxe6 32. f4 Rxe3 33.
fxg5 Ra3 34. Kg2 a5 35. h4 a4 36. h5 b3 37. axb3 axb3 38. Rd8+ Ke7 39. Rh8 Ra5 40. Rxh7+ Kd6 41. g6 b2 42. Rb7 Rxh5 43. Rxb2 Rg5 44. Kh3 Rxg6 45. Kh4 Rg8 46. g4 e5 47. g5 Kd5 48.
Kg4 e4 49. Rb7 Kd4 50. Rd7+ Ke5 51. Re7+ Kd4 52. Kh4 e3 53. Kg4 Kd3 54. Rd7+ Ke4 55. Kg3 Rxg5+ 56. Kh3 Rg8 57. Re7+ Kf3 58. Rf7+ Ke2 59.
Kh2 Kd2 60. Rd7+ Ke1 61. Re7 e2 62. Re5 Rg6 63. Kh3 Kf2 64. Rf5+ Ke3 65. Re5+ Kf3 66. Rf5+ Ke4 67. Rf8 Re6 68. Kg4 e1=Q 69. Rf4+ Kd5 70. Rf1 Qxf1 0-1

[Event "Early-Titled-Tuesday-Blitz-March-26-2024"]
[Site "Chess.com"]
[Date "2024.03.26"]
[Round "5"]
[White "KarolKacprzak"]
[Black "PierrotFace"]
[Result "0-1"]
[WhiteElo "2696"]
[BlackElo "2525"]
[TimeControl "180+1"]
[EndTime "8:55:52 PDT"]
[Termination "PierrotFace won by resignation"]

1. e4 c5 2. Nf3 a6 3. g3 e6 4.
Bg2 d5 5. exd5 exd5 6. O-O Nf6 7. d4 Be7 8. Re1 O-O 9. dxc5 Bxc5 10. c3 h6 11. Nd4 Nc6 12. Be3 Bd6 13. Nd2 Ne5 14.
N2f3 Nc4 15. Bc1 Bg4 16. h3 Bh5 17. Nf5 Bc5 18. b3 Nd6 19. Nxd6 Qxd6 20. Be3 Bxe3 21.
Rxe3 Rfe8 22. Rxe8+ Rxe8 23. Qd4 Re4 24. Qd2 Re7 25. Rd1 Qc5 26. g4 Bg6 27. Nd4 Ne4 28. Bxe4 dxe4 29. Qe3 Rc7 30. c4 Rd7 31. Rd2 Qe5 32.
b4 h5 33. c5 hxg4 34. hxg4 a5 35. a3 axb4 36. axb4 Rd5 37. Ne2 Qa1+ 38. Kg2 Rd3 39. Rxd3 exd3 40. Nf4 Qc3 41. b5 Qc4 42. c6 bxc6 43.
b6 Qe4+ 44. Qxe4 Bxe4+ 45. f3 d2 46. b7 Bxf3+ 47. Kf2 d1=Q 48. b8=Q+ Kh7 49. g5 Bh5 50. Qe5 Qf3+ 51. Ke1 Qd1+ 52. Kf2 Qf3+ 53. Ke1 Bg6 54. Kd2 Qf2+ 55. Kc3 Qf3+ 56. Kd2 Qe4 57. Qd6 Qc2+ 58.
Ke1 c5 59. Nxg6 fxg6 60. Qd5 Qc1+ 61. Ke2 c4 62. Qe5 Qc2+ 63. Ke3 c3 64. Qg3 Qd2+ 65.
Ke4 Qc2+ 66. Kd4 Qd2+ 67. Kc4 Qa2+ 68. Kd4 Qa4+ 69. Kc5 c2 70. Qh3+ Kg8 71. Qe6+ Kf8 72. Qd6+ Ke8 73. Qe6+ Kd8 74. Qg8+ Kc7 75. Qxg7+ Qd7 76.
Qe5+ Kb7 77. Qe4+ Kb8 78. Qe5+ Qc7+ 79. Qxc7+ Kxc7 0-1

[Event "Early-Titled-Tuesday-Blitz-March-26-2024"]
[Site "Chess.com"]
[Date "2024.03.26"]
[Round "5"]
[White "ahmedkandiliii"]
[Black "twitchTriniCupid"]
[Result "0-1"]
[WhiteElo "2510"]
[BlackElo "2352"]
[TimeControl "180+1"]
[EndTime "8:55:53 PDT"]
[Termination "twitchTriniCupid won by checkmate"]

1. e4 c6 2. d4 d5 3. exd5 cxd5 4. c4 Nf6 5. Nc3 Nc6 6. Bg5 e6 7. cxd5 exd5 8. Bxf6 Qxf6 9. Nxd5 Qd6 10. Qe2+ Be6 11. Nc3 Qxd4 12. Nf3 Qb4 13. Qb5 O-O-O 14. Be2 a6 15.
Qxb4 Bxb4 16. O-O Nd4 17. Nxd4 Rxd4 18. Rac1 Kb8 19. a3 Be7 20. Bf3 Rc8 21. Rfd1 Rcd8 22.
Rxd4 Rxd4 23. b4 Rc4 24. Ne2 Bf6 25. Rxc4 Bxc4 26. Nf4 Bb2 27. a4 g5 28. Bd5 Bxd5 29. Nxd5 Kc8 30. Kf1 Kd7 31. Nf6+ Ke6 32. Ne4 f6 33.
Nc5+ Kd5 34. Nxb7 Kc4 35. b5 axb5 36. Nd6+ Kb4 37. axb5 Kc5 38. Ne4+ Kxb5 39. Ke2 Kc4 40. Ke3 Kd5 41. f3 h6 42. Nf2 Bd4+ 43. Ke2 Bxf2 44.
Kxf2 f5 45. Ke3 Ke5 46. g3 Kd5 47. g4 Ke5 48. h3 f4+ 49. Kd3 Kd5 50. Kc3 Kc5 51. Kd3 Kd5 52. Ke2 Kc4 53. Kd2 Kd4 54. Ke2 Kc3 55. Kf2 Kd3 56. Kf1 Ke3 57. Kg2 Ke2 58. h4 Ke3 59. Kh3 Kxf3 60. h5 Ke2 61. Kh2 f3 62. Kg3 f2 63. Kh2 Ke1 64. Kg3 f1=Q 65. Kh2 Qf4+ 66. Kh3 Qf3+ 67. Kh2 Qxg4 68. Kh1 Qxh5+ 69. Kg2 Qg4+ 70. Kh2 Qh4+ 71. Kg2 Kd1 72. Kf3 g4+ 73. Kg2 Qh3+ 74. Kg1 Qg3+ 75. Kh1 Qf4 76. Kg2 h5 77. Kg1 h4 78. Kh1 h3 79. Kg1 Qe3+ 80. Kh2 Qf2+ 81. Kh1 Qg2# 0-1

[Event "Early-Titled-Tuesday-Blitz-March-26-2024"]
[Site "Chess.com"]
[Date "2024.03.26"]
[Round "5"]
[White "CSB7"]
[Black "Revan_2002"]
[Result "1-0"]
[WhiteElo "2781"]
[BlackElo "2584"]
[TimeControl "180+1"]
[EndTime "8:55:56 PDT"]
[Termination "CSB7 won by resignation"]

1. d4 Nf6 2. c4 e6 3. Nc3 Bb4 4. a3 Bxc3+ 5. bxc3 c5 6. e3 b6 7. Ne2 Nc6 8. Ng3 Bb7 9. e4 d6 10. Rb1 Qe7 11. Be2 h6 12. O-O O-O-O 13. Re1 g5 14.
Bf1 Nd7 15. a4 Qf6 16. e5 dxe5 17. d5 Na5 18. Rb5 Qe7 19. Ba3 f5 20. Qb1 e4 21. Qb2 Ne5 22. Bxc5 Qc7 23. Qb4 Nac6 24. dxc6 Nxc6 25. Qa3 bxc5 26. Rxc5 Qd6 27. a5 a6 28. Rb1 Rh7 29. Rb6 Rc7 30. Ne2 e5 31. Ng3 Qe6 32. h3 Rd1 33. Qb3 Qd6 34. Rd5 Rxd5 35. cxd5 Nxa5 36. Qb2 Qxd5 37. Nxf5 e3 38. Nxe3 Qc5 39. c4 Nc6 40. Nd5 Rd7 41. Rb3 Nd4 42. Re3 Rd6 43. Rxe5 Ne6 44. Ne7+ Kc7 45. Rxc5+ Nxc5 46. Qg7 Kb6 47. Nf5 Rd1 48. Nxh6 Ne4 49. Ng4 Nd2 50. Ne3 Rb1 51. Qxg5 Ka7 52. Qc5+ Ka8 53. h4 Ne4 54. Qf8+ Ka7 55. h5 Rc1 56. h6 Ng5 57.
Qc5+ Ka8 58. Qxg5 Be4 59. Qg8+ Kb7 60. h7 Bd3 61. h8=Q Bxf1 62. Qb8+ Kc6 63. Nxf1 Kc5 64. Qhe5+ Kxc4 65. Qe4+ Kc3 66. Qe3+ Kc2 67. Qxc1+ Kxc1 68. Qc8+ Kb2 69. Qxa6 Kb3 70. Qc6 Kb4 71. Ne3 Ka5 72. f4 Kb4 73. f5 Ka5 74. g4 Kb4 75. g5 Ka5 76. g6 Kb4 77. g7 Ka3 78. f6 Kb4 79.
Kh1 Ka5 80. Kg2 Kb4 81. Kh3 Ka5 82. Kg4 Kb4 83. Kh5 Ka5 84. Kg6 Kb4 85. Kh7 Ka5 86. f7 1-0

[Event "Early-Titled-Tuesday-Blitz-March-26-2024"]
[Site "Chess.com"]
[Date "2024.03.26"]
[Round "5"]
[White "Gennady_Kozlov"]
[Black "Tugrik1969"]
[Result "1/2-1/2"]
[WhiteElo "2660"]
[BlackElo "2497"]
[TimeControl "180+1"]
[EndTime "8:56:03 PDT"]
[Termination "Game drawn by agreement"]

1. b3 d5 2. Bb2 c5 3. e3 a6 4.
f4 Nc6 5. Nf3 Nf6 6. Be2 g6 7.
O-O Bg7 8. Ne5 Qc7 9. Nxc6 Qxc6 10. Bf3 Qd6 11. Be5 Qd8 12. d3 O-O 13. Qe2 b5 14.
Nd2 Bb7 15. g4 Ne8 16. Bxg7 Nxg7 17. Rae1 Qd6 18. Qg2 e5 19. fxe5 Qxe5 20. e4 d4 21. h4 Ne6 22. Qh2 f6 23. Bd1 Rae8 24. Nf3 Qxh2+ 25. Kxh2 g5 26. Kg3 h6 27. Ng1 Nf4 28.
Nh3 Ng6 29. h5 Ne5 30. Re2 Bc8 31. Ref2 Kg7 32. Ng1 Be6 33. Bf3 a5 34. Ne2 Ra8 35.
Kh3 a4 36. Ng3 axb3 37. axb3 Ra2 38. Bd1 c4 39. bxc4 bxc4 40. dxc4 Nxc4 41. Nf5+ Bxf5 42. exf5 Ne3 43. Re1 Rc8 44. Rd2 Nxd1 45. Rexd1 Rcxc2 46. Rxc2 Rxc2 47. Rxd4 Re2 48. Rd7+ Kg8 49. Kg3 Rc2 50. Kf3 Rc4 51. Ra7 Rf4+ 52. Kg3 Rb4 53. Re7 Rb3+ 54. Kf2 Rb4 55. Kf3 Rf4+ 56. Kg3 Rb4 57. Re3 Rc4 58. Re2 Rb4 59. Rg2 Rb3+ 60. Kf2 Rc3 61. Ke2 Rb3 62. Rg1 Ra3 63. Rd1 Rb3 64. Rd4 Ra3 65. Re4 Rb3 66. Re3 Rb4 67. Kf3 Rf4+ 68. Kg3 Ra4 69. Re8+ Kg7 70. Re7+ Kg8 71. Re6 Kg7 72. Re2 Rb4 73. Rg2 Kg8 74. Kf3 Ra4 75. Ke3 Kg7 76. Kd3 Rb4 77.
Kc3 Rf4 78. Kd2 Ra4 79. Ke3 Rb4 80. Kf3 Ra4 81. Rc2 Rf4+ 82. Kg3 Ra4 83. Re2 Kg8 84. Kf3 Kg7 85. Re4 Ra3+ 86. Ke2 Rb3 87. Kd2 Ra3 88.
Kc2 Rg3 89. Kb2 Kg8 90. Ra4 Kg7 91. Kc2 1/2-1/2

[Event "Early-Titled-Tuesday-Blitz-March-26-2024"]
[Site "Chess.com"]
[Date "2024.03.26"]
[Round "5"]
[White "noblerone"]
[Black "InitiatingASC"]
[Result "0-1"]
[WhiteElo "2555"]
[BlackElo "2359"]
[TimeControl "180+1"]
[EndTime "8:56:08 PDT"]
[Termination "InitiatingASC won by resignation"]

1. d4 d5 2. Nf3 c5 3. e3 Nc6 4. Be2 cxd4 5. exd4 Bg4 6. c3 e6 7. Bf4 Nf6 8. Qb3 Qb6 9. Qxb6 axb6 10. Nbd2 Be7 11.
O-O O-O 12. Rfe1 Rfc8 13. h3 Bh5 14. a3 Na5 15. g4 Bg6 16. Ne5 Bc2 17. Rac1 Ba4 18.
Bd3 Nd7 19. Nxd7 Bxd7 20. Kg2 Nc4 21. Nxc4 dxc4 22. Be4 Bc6 23. Rcd1 Ra5 24. Bc1 Bg5 25. Bxg5 Rxg5 26. Rd2 Rb5 27. Bxc6 bxc6 28. f4 g6 29. Kf3 Ra8 30. Re5 Raa5 31. Rxb5 Rxb5 32. Ke4 h5 33. g5 Kf8 34. h4 Ke7 35. Ke3 Kd7 36.
Ke4 Kc7 37. Ke3 Rf5 38. Ke4 Kb7 39. b3 cxb3 40. Rb2 Rb5 41. Kd3 c5 42. Kc4 Ra5 43. Rxb3 Kc6 44. dxc5 bxc5 45. Kd3 Ra4 46. Ke3 Rc4 47.
Kf3 Ra4 48. Ke3 c4 49. Rb4 Rxa3 50. Rxc4+ Kd6 51. Rd4+ Ke7 52. Rc4 Ra1 53. Ke4 Rh1 54. Rc7+ Ke8 55. Rc8+ Kd7 56. Rf8 Ke7 57. Ra8 Rxh4 58. c4 Rh1 59. c5 Rc1 60. Ra7+ Ke8 61. Kd4 h4 62. Ra8+ Ke7 63. Rh8 Rd1+ 64. Kc4 Rc1+ 65.
Kb5 Rb1+ 66. Kc6 Rh1 67. Kc7 h3 68. c6 h2 69. Kc8 Rc1 70. Rxh2 Rxc6+ 71. Kb7 Rc4 72. Rf2 Kd6 73. Kb6 Kd5 74. Kb5 Rc1 75. Rd2+ Ke4 76. Rd7 Kxf4 77. Rxf7+ Kxg5 78. Re7 Re1 79.
Kc4 Kf6 80. Re8 g5 81. Kd3 g4 82. Kd2 Re5 83. Rg8 Rg5 84. Rf8+ Ke5 85. Rf1 g3 86.
Ke3 g2 87. Rg1 Kf5 88. Kf3 e5 89. Kf2 Kf4 90. Rxg2 Rxg2+ 91. Kxg2 Ke3 92. Kf1 Kd2 93. Kf2 e4 0-1

[Event "Early-Titled-Tuesday-Blitz-March-26-2024"]
[Site "Chess.com"]
[Date "2024.03.26"]
[Round "5"]
[White "Chessmissile07"]
[Black "MatyChess1"]
[Result "1-0"]
[WhiteElo "2921"]
[BlackElo "2643"]
[TimeControl "180+1"]
[EndTime "8:56:11 PDT"]
[Termination "Chessmissile07 won by resignation"]

1. a3 d5 2. d4 Bf5 3. Nf3 e6 4. e3 Nf6 5. Bd3 Nbd7 6. O-O Bd6 7. c4 c6 8. Nc3 Bg6 9. Qe2 Ne4 10. Nd2 Nxd2 11.
Bxd2 Bxd3 12. Qxd3 dxc4 13. Qxc4 Bxh2+ 14. Kxh2 Qh4+ 15. Kg1 Ne5 16. g3 Nxc4 17. gxh4 Nxd2 18. Rfd1 Nf3+ 19. Kf1 Nxh4 20. b4 a6 21. a4 Ke7 22.
Ke2 Nf5 23. a5 h5 24. Ne4 h4 25. Nc5 Nd6 26. Rg1 g6 27. Rg4 Rh5 28. Rh1 Rah8 29. f4 Kd8 30. Kf3 Kc7 31. Rh3 Nf5 32. Nb3 Ne7 33.
Nc5 Nf5 34. Nb3 Rd8 35. Nc5 Rg8 36. Ne4 Rgh8 37. Nf6 R5h6 38. Ne4 Nd6 39. Nc5 Nf5 40. Nd3 Nd6 41. Nc5 Rh5 42. Nd3 Nf5 43. Ne5 R8h7 44. Nd3 Ne7 45. Nc5 Nd5 46. Nd3 Rh8 47. e4 Nc3 48.
Ne5 R5h7 49. Rg2 Nb5 50. Ke3 Rd8 51. Nf3 Rdh8 52. Ng5 Rg7 53. Rgh2 Rd8 54. Nf3 Nd6 55. Rxh4 Nc4+ 56. Kd3 Nd6 57. Rh7 Rxh7 58. Rxh7 Rd7 59. Ne5 Re7 60. Nxg6 Re8 61. Ne5 Rf8 62. Nf3 Kd8 63. Ne5 Ke8 64. Ng4 Ke7 65. Nh6 Re8 66. e5 Nb5 67. Rxf7+ Kd8 68. Rxb7 Rf8 69. Rf7 Rh8 70.
Rf6 Ke7 71. f5 exf5 72. Nxf5+ Kd7 73. e6+ Kc7 74. e7 Re8 75. Rf8 Kd7 76. Rxe8 Kxe8 77.
Kc4 Kd7 78. Kc5 Nc7 79. Kb6 Nd5+ 80. Kxa6 Nxb4+ 81. Kb7 Nd3 82. a6 c5 83. a7 1-0

[Event "Early-Titled-Tuesday-Blitz-March-26-2024"]
[Site "Chess.com"]
[Date "2024.03.26"]
[Round "5"]
[White "biveklama"]
[Black "klimkoj"]
[Result "1/2-1/2"]
[WhiteElo "2581"]
[BlackElo "2818"]
[TimeControl "180+1"]
[EndTime "8:56:19 PDT"]
[Termination "Game drawn - insufficient material"]

1. e4 e5 2. Nf3 Nc6 3. Bc4 Nf6 4. d3 Bc5 5. c3 d6 6. O-O a6 7. Bb3 h6 8. Re1 O-O 9. h3 Re8 10. Nbd2 Be6 11. Bc2 d5 12. exd5 Nxd5 13. Ne4 Be7 14. Ng3 Bd6 15. d4 exd4 16. Nxd4 Nxd4 17. Qxd4 Nf6 18.
Bf4 Bxf4 19. Qxf4 Qd6 20. Qxd6 cxd6 21. Red1 Rad8 22. Rd4 d5 23. a4 Nd7 24. Nf1 Ne5 25. Rad1 Rc8 26. Ne3 Nc4 27. Nxc4 dxc4 28. Be4 Rc7 29.
Bf3 Kf8 30. g4 Ke7 31. Kg2 b5 32. a5 Rb8 33. Rd6 Bc8 34. Rb6 Bb7 35. Bxb7 Rbxb7 36. Rdd6 Rxb6 37. Rxb6 Ra7 38. Kf3 Rd7 39. Rxa6 Rd2 40. Rb6 Rxb2 41. a6 Kd7 42. a7 Ra2 43. Rxb5 Rxa7 44. Rc5 Ra4 45. Ke4 Kd6 46. Kd4 Ra2 47. Rf5 Ke6 48. Kxc4 g6 49. Rf3 f5 50. gxf5+ gxf5 51. Kd4 Rd2+ 52. Ke3 Rd1 53. Ke2 Rh1 54. c4 Rc1 55. Kd3 Ke5 56. Re3+ Kf4 57. Re6 h5 58. Rh6 Kg5 59. Rh8 Rh1 60. Rg8+ Kf4 61. c5 Rxh3+ 62. Kd4 Rh1 63. Rg3 Rd1+ 64. Rd3 Rc1 65. Rc3 Rxc3 66. Kxc3 h4 67. c6 h3 68. c7 h2 69. c8=Q h1=Q 70.
Qc7+ Kg5 71. Qg7+ Kf4 72. Qd4+ Kg5 73. Qg7+ Kf4 74. Qg3+ Ke4 75. Qd3+ Ke5 76. Qd4+ Ke6 77. Kd3 Qd1+ 78. Ke3 Qe1+ 79. Kf4 Qc1+ 80. Qe3+ Qxe3+ 81. fxe3 Kf6 82. e4 fxe4 83. Kxe4 1/2-1/2

[Event "Early-Titled-Tuesday-Blitz-March-26-2024"]
[Site "Chess.com"]
[Date "2024.03.26"]
[Round "5"]
[White "moro182"]
[Black "Grischuk"]
[Result "0-1"]
[WhiteElo "2891"]
[BlackElo "3064"]
[TimeControl "180+1"]
[EndTime "8:56:24 PDT"]
[Termination "Grischuk won by checkmate"]

1. d4 d5 2. Bf4 c5 3. e3 Nc6 4. Nf3 Nf6 5. Nbd2 e6 6. c3 Nh5 7. Bg5 f6 8. Bh4 g6 9. Bd3 cxd4 10. cxd4 Bd6 11. O-O O-O 12. Rc1 Bd7 13. Nb3 b6 14.
Re1 Rc8 15. Ba6 Rc7 16. a3 Be8 17. Nbd2 g5 18. Bg3 Nxg3 19. hxg3 g4 20. Nh2 f5 21. Nxg4 fxg4 22. Qxg4+ Rg7 23. Qxe6+ Bf7 24. Qh3 Ne7 25. Nf3 Bg6 26. g4 Qd7 27. Ne5 Bxe5 28. dxe5 Qe6 29. Rc7 Qxe5 30. Rxa7 Qxb2 31. Qg3 Qxa3 32. Qe5 Rgf7 33.
f3 Qc5 34. Qb2 Qd6 35. Qf2 Nc6 36. Rxf7 Rxf7 37. Rd1 d4 38. exd4 Kg7 39. Bc4 Re7 40. Qb2 Qf6 41. Qxb6 Rd7 42. d5 Ne5 43. Qxf6+ Kxf6 44.
Bb5 Rb7 45. Bf1 Rd7 46. Kf2 Bf7 47. d6 Nc4 48. Bxc4 Bxc4 49. Ke3 Be6 50. Kf4 Ra7 51. g5+ Kf7 52. g4 Ra4+ 53. Kg3 Bd7 54. f4 Ra3+ 55. Kh4 Ra4 56. Rf1 Rd4 57. f5 Rxd6 58. Kh5 Rd2 59. g6+ hxg6+ 60. fxg6+ Kg8 61. Rf4 Be8 62. Kg5 Kg7 63.
Rf6 Rd5+ 64. Rf5 Rd6 65. Re5 Bxg6 66. Kf4 Bf7 67. Rg5+ Kf6 68. Rf5+ Ke7 69. Re5+ Be6 70. Re4 Kf6 71. Rb4 Rc6 72. Rd4 Rc1 73. Re4 Rf1+ 74.
Kg3 Rg1+ 75. Kh4 Bd5 76. Rf4+ Kg6 77. Rd4 Be6 78. Re4 Kf6 79. Rf4+ Ke5 80. Rb4 Ra1 81. Kg5 Ra8 82. Rb5+ Kd6 83. Rb4 Rg8+ 84. Kh4 Ke5 85. Rb5+ Bd5 86. Rb4 Be4 87. Rb5+ Kf4 88. Kh5 Rh8# 0-1